 Dungeon Crawl Stone Soup version 0.28.0 (webtiles) character file.

Game seed: 4311135254172141870

127 Ajdolov the Digger (level 5, -1/31 HPs)
             Began as an Octopode Earth Elementalist on Feb 8, 2022.
             Slain by Duvessa (13 damage)
             ... on level 4 of the Dungeon.
             The game lasted 00:04:43 (3701 turns).

Ajdolov the Digger (Octopode Earth Elementalist)    Turns: 3701, Time: 00:04:43

Health: -1/31      AC:  1    Str:  7    XL:     5   Next: 11%
Magic:  7/8        EV: 13    Int: 20    God:
Gold:   128        SH:  0    Dex: 12    Spells: 4/8 levels left

rFire   + . .      SeeInvis .   c - +0 spear
rCold   . . .      Faith    .   (no shield)
rNeg    . . .      Spirit   .   (helmet restricted)
rPois   .          Reflect  .   (no amulet)
rElec   .          Harm     .   h - ring of protection from fire
rCorr   .          Rampage  .   (no ring)
Will    .....                   (no ring)
Stlth   +++.......              (no ring)
HPRegen 0.10/turn               (no ring)
MPRegen 0.11/turn               (no ring)
                                (no ring)
                                (no ring)

@: no status effects
A: almost no armour, amphibious, 8 rings, camouflage 1, gelatinous body 1,
(nimble swimmer 1), tentacles
a: no special abilities


You were on level 4 of the Dungeon.
You visited 1 branch of the dungeon, and saw 4 of its levels.

You collected 128 gold pieces.

Inventory:

Hand Weapons
 c - a +0 spear (weapon)
Missiles
 b - 76 stones
Jewellery
 h - a ring of protection from fire (left tentacle)
 o - an amulet of the acrobat
Scrolls
 a - a scroll of blinking {unknown}
 e - 2 scrolls of identify {unknown}
 f - a scroll of fear {unknown}
 g - a scroll of enchant weapon {unknown}
 i - 2 scrolls of teleportation {unknown}
 j - a scroll of immolation {unknown}
 l - 3 scrolls of enchant armour {unknown}
 m - a scroll of brand weapon {unknown}
 n - a scroll of amnesia {unknown}
Potions
 d - a potion of resistance {unknown}
 k - a potion of curing {unknown}


   Skills:
 - Level 2.0 Dodging
 - Level 3.9 Stealth
 - Level 2.0 Spellcasting
 * Level 1.9 Conjurations
 - Level 1.0 Transmutations
 * Level 4.7 Earth Magic


You had 4 spell levels left.
You knew the following spells:

 Your Spells              Type           Power      Damage    Failure   Level
a - Sandblast             Erth           42%        2d11      2%          1
b - Stone Arrow           Conj/Erth      30%        3d8       12%         3

Your spell library contained the following spells:

 Spells                   Type           Power      Damage    Failure   Level
 Passwall                 Tmut/Erth      10%        N/A       8%          2
 Dazzling Flash           Conj/Hex       10%        N/A       32%         3
 Petrify                  Tmut/Erth      13%        N/A       43%         4
 Iskenderun's Mystic Bla  Conj/Tloc      5%         2d3       71%         4
 Starburst                Conj/Fire      2%         6d3       100%        6


Dungeon Overview and Level Annotations

Branches:
Dungeon (4/15)
 Temple: D:4-7

Altars:
The Shining One

Shops:
D:1 *

Annotations:
D:3 Edmund, Grinder
D:4 Dowan, Duvessa


Innate Abilities, Weirdness & Mutations

You cannot wear most types of armour.
You are amphibious.
You can wear up to eight rings at the same time.
Your skin changes colour to match your surroundings (Stealth+).
Your rubbery body absorbs attacks. (AC +1, EV +1)
((You are camouflaged when in or above water. (Stealth+)))
You have tentacles for arms and can constrict up to eight enemies at once.


Message History

You miscast Sandblast.
You are very lightly contaminated with residual magic.
Nothing appears to happen.
The adder barely misses you.
Aiming: Sandblast (safe; 2% risk of failure)
Press: ? - help, Q - select action, (/) - cycle Shift-Dir - straight line, f/p - adder
Aim: an adder (moderately wounded, 68% to hit)
The blast of sand hits the adder!!
You kill the adder!
Unknown command.
You start resting.
Your magical contamination has completely faded away.
h - a ring of protection from fire (left tentacle)
Found 11 gold pieces.
Found a scroll labelled RATTEHO OCEOPT.
You now have 115 gold pieces (gained 11).
l - 3 scrolls labelled RATTEHO OCEOPT (gained 1) Magic restored.
o - an amulet of the acrobat You now have 128 gold pieces (gained 13).
Duvessa, Sister of Dowan comes into view.
She is wielding a +0 short sword.
Duvessa shouts!
You hear a shout!
Dowan, Brother of Duvessa comes into view.
He is wielding a +2 dagger of holy wrath.
Duvessa says, "When magic and the sword combine, nothing stands against them."
Casting: Sandblast (safe; 2% risk of failure)
Confirm with . or Enter, or press ? or * to list all spells.
Okay, then.
Unknown command.
Aiming: Sandblast (safe; 2% risk of failure)
Press: ? - help, Q - select action, (/) - cycle Shift-Dir - straight line, f - Duvessa
Aim: Duvessa, wielding a +0 short sword and wearing a +0 ring mail (86% to hit)
The blast of sand hits Duvessa but does no damage.
Duvessa hits you with a +0 short sword!
Unknown command.
Dowan points at Duvessa and mumbles some strange words.
Duvessa seems to speed up.
Duvessa says, "My weaknesses are his strengths!"
Duvessa hits you with a +0 short sword! Duvessa hits you with a +0 short sword!
You die...

#......'....###########
#......######.........#
###.#......†#.........#
#.#.#####...........# #.
######.#.# #...........#
..
#......#.#####...#########
.### #......#.#.......#
... #....).#.#.###...# ..#
#......#.#@# #...# ..#
#..[...#.#e# #####
..#####......#.#.#
.............#.#e#
.#############.#.#
.#.............#.#
.#)#############.#######
.#...........e #.......#
.#........... #.......#


You could see Duvessa (fast) and Dowan.

Vanquished Creatures
  Jessica (D:2)
  A gnoll (D:1)
  5 adders
  An adder skeleton (D:2)
  4 dart slugs
  An orc (D:4)
  A bat (D:1)
  4 endoplasms
  2 giant cockroaches
  3 goblins
  5 hobgoblins
  A kobold (D:1)
  A quokka (D:3)
  3 ball pythons
  A frilled lizard (D:1)
  2 rats (D:1)
36 creatures vanquished.

Vanquished Creatures (others)
  3 demonic plants (D:1)
3 creatures vanquished.

Grand Total: 39 creatures vanquished

Notes
Turn   | Place    | Note
-------+----------+-------------------------------------------
     0 | D:1      | Ajdolov the Octopode Earth Elementalist began the quest for
                  | the Orb.
     0 | D:1      | Reached XP level 1. HP: 11/11 MP: 3/3
   143 | D:1      | Found Roj Kuon's Assorted Antiques.
   369 | D:1      | Reached XP level 2. HP: 17/17 MP: 5/5
  1369 | D:1      | Found a faded altar of an unknown god.
  1378 | D:1      | Reached XP level 3. HP: 21/21 MP: 6/6
  1937 | D:2      | Reached skill level 4 in Earth Magic
  1959 | D:2      | Noticed Jessica
  2126 | D:1      | Learned a level 3 spell: Stone Arrow
  2133 | D:2      | Killed Jessica
  2134 | D:2      | Reached skill level 1 in Conjurations
  2134 | D:2      | Reached XP level 4. HP: 27/27 MP: 4/7
  2408 | D:2      | Found a glowing golden altar of the Shining One.
  3045 | D:3      | Noticed Grinder
  3088 | D:4      | Noticed Edmund
  3489 | D:4      | Reached XP level 5. HP: 25/31 MP: 4/8
  3686 | D:4      | Noticed Duvessa
  3686 | D:4      | Noticed Dowan
  3701 | D:4      | Slain by Duvessa

Illustrated notes

Levels and vault maps discovered:
D:1:      sevenhm_arrival_forest_fort_large_2, layout_basic, serial_shops,
          nicolae_shop_waterfront, shapermc_ecumenical_altar_gd
D:2:      layout_rooms, basic_altar, uniq_jessica
D:3:      minmay_chambers_of_twos, layout_basic, uniq_natasha, uniq_grinder
D:4:      layout_basic, minmay_temple_entry_wispy, uniq_robin, uniq_menkaure,
          uniq_edmund, uniq_duvessa

Skill      XL: |  1  2  3 |
---------------+----------+-----
Stealth        | 3 |  3.9
Earth Magic    | 4 |  4.7
Conjurations   | 1 |  1.9
Dodging        | |  2.0
Spellcasting   | |  2.0
Transmutations | |  1.0

Action                   |  1- 3 |  4- 6 || total
-------------------------+-------+-------++-------
Melee: Unarmed           |     6 |       ||     6
       Constrict         |    12 |     5 ||    17
       Tentacles         |     6 |     5 ||    11
       Spear             |    37 |    37 ||    74
 Cast: Sandblast         |    21 |    11 ||    32
 Stab: Sleeping          |     4 |     7 ||    11
Armor: Skin              |     4 |     2 ||     6
Dodge: Dodged            |    23 |    18 ||    41
